 Dungeon Crawl Stone Soup version 0.24-a0-581-gc0fa6600bf (webtiles) character file.

Game seed: 13146796693596054098

14609 GameOver the Thaumaturge (level 12, -2/105 HPs)
             Began as a Naga Wizard on Aug 24, 2019.
             Was a Priest of Kikubaaqudgha.
             Slain by a spiny frog (15 damage)
             ... on level 2 of the Lair of Beasts.
             The game lasted 00:56:56 (9174 turns).

GameOver the Thaumaturge (Naga Wizard)              Turns: 9174, Time: 00:56:57

Health: -2/105     AC:  6    Str: 10    XL:     12   Next: 18%
Magic:  19/25      EV: 10    Int: 23    God:    Kikubaaqudgha [***...]
Gold:   615        SH:  0    Dex: 10    Spells: 19/29 levels left

rFire    . . .     SeeInvis +   w - +1 demon whip (elec)
rCold    . . .     Gourm    .   (no shield)
rNeg     . . .     Faith    +   a - +0 robe
rPois    +         Spirit   .   q - +0 helmet
rElec    .         Reflect  .   (no cloak)
rCorr    .         Harm     .   (no gloves)
MR       +....                  (no barding)
Stlth    ++++......             G - amulet of faith
HPRegen  0.27/turn              f - ring of stealth
MPRegen  0.19/turn              (no ring)

@: short of breath, very slow
A: large, see invisible, deformed body, poison resistance, slowness 2, slow
metabolism 1, spit poison 1, AC +4
a: Spit Poison, Receive Corpses, Renounce Religion


You were on level 2 of the Lair of Beasts.
You worshipped Kikubaaqudgha.
Kikubaaqudgha was most pleased with you.
You were near starving.

You visited 3 branches of the dungeon, and saw 13 of its levels.

You collected 783 gold pieces.
You spent 168 gold pieces at shops.

Inventory:

Hand Weapons
 s - a +0 trident
 w - a +1 demon whip of electrocution (weapon)
Armour
 a - a +0 robe (worn)
 q - a +0 helmet (worn)
 M - a +0 buckler
Magical Staves
 H - an uncursed staff of wizardry
Jewellery
 f - a ring of stealth (left hand)
 o - an uncursed ring of fire
 G - an amulet of faith (around neck)
Wands
 k - a wand of enslavement (9)
 v - a wand of paralysis (22)
 x - a wand of iceblast (17)
 A - a wand of random effects (49)
 E - a wand of digging (6)
 I - a wand of clouds (12)
 L - a wand of flame (15)
Scrolls
 b - 4 scrolls of magic mapping
 c - a scroll of identify
 i - 2 scrolls of blinking
 j - 2 scrolls of amnesia
 l - 9 scrolls of remove curse
 m - 6 scrolls of teleportation
 u - 4 scrolls of immolation
 y - 2 scrolls of fear
 B - a scroll of summoning
 J - a scroll of enchant armour {unknown}
 K - a scroll of silence {unknown}
 N - a scroll of torment {unknown}
 P - a scroll of vulnerability
Potions
 e - 6 potions of curing
 g - 3 potions of brilliance {unknown}
 h - 5 potions of flight
 n - a potion of mutation {unknown}
 p - 5 potions of haste
 r - 2 potions of magic {unknown}
 t - 5 potions of might {unknown}
 z - 2 potions of invisibility {unknown}
 C - 4 potions of heal wounds
 D - 2 potions of agility
 F - a potion of berserk rage {unknown}
Comestibles
 d - 26 rations


   Skills:
 - Level 6.0 Fighting
   Level 8.1 Short Blades
 * Level 8.4 Maces & Flails
 - Level 1.5 Dodging
 - Level 6.6 Stealth
 - Level 9.0 Spellcasting
 - Level 6.2 Conjurations
   Level 1.0 Summonings
 + Level 3.6 Necromancy
 - Level 3.2 Translocations
 - Level 3.0 Fire Magic
 - Level 3.0 Air Magic
 - Level 6.1 Poison Magic


You had 19 spell levels left.
You knew the following spells:

 Your Spells              Type           Power        Failure   Level  Hunger
a - Magic Dart            Conj           ####         1%          1    None
b - Blink                 Tloc           N/A          2%          2    None
d - Mephitic Cloud        Conj/Pois/Air  ####....     2%          3    None
f - Conjure Flame         Conj/Fire      ####....     2%          3    None
p - Apportation           Tloc           ####..       1%          1    None

Your spell library contained the following spells:

 Spells                   Type           Power        Failure   Level  Hunger
 Animate Skeleton         Necr           N/A          1%          1    None
 Pain                     Necr           ####         1%          1    None
 Corpse Rot               Necr           N/A          2%          2    None
 Sublimation of Blood     Necr           ####......   2%          2    None
 Summon Small Mammal      Summ           ##..         4%          1    None
 Vampiric Draining        Necr           ####......   4%          3    None
 Spider Form              Tmut/Pois      ###.......   5%          3    None
 Beastly Appendage        Tmut           ##....       6%          1    None
 Confusing Touch          Hex            ##....       6%          1    None
 Corona                   Hex            ##.....      6%          1    None
 Call Imp                 Summ           ##......     6%          2    None
 Slow                     Hex            ##......     10%         2    None
 Sticks to Snakes         Tmut           ##......     10%         2    None
 Inner Flame              Hex/Fire       ###.....     10%         3    None
 Portal Projectile        Hex/Tloc       ###...       10%         3    None
 Agony                    Necr           ####....     36%         5    ####...
 Dispel Undead            Necr           ####....     36%         5    ####...
 Cause Fear               Hex            ##........   52%         4    ##.....
 Ice Form                 Ice/Tmut       ##......     52%         4    ##.....
 Leda's Liquefaction      Hex/Erth       ##........   52%         4    ##.....
 Borgnjor's Vile Clutch   Necr/Erth      ###.......   63%         5    ####...
 Excruciating Wounds      Chrm/Necr      ###.......   63%         5    ####...
 Blade Hands              Tmut           ##........   86%         5    ####...
 Simulacrum               Ice/Necr       ###.......   99%         6    ######.


Dungeon Overview and Level Annotations

Branches:
Dungeon (10/15)            Temple (1/1) D:6            Lair (2/6) D:10
  Snake (0/4) Lair:2          Orc (0/2) D:10
  Swamp: Lair:2-4    Shoals: Lair:2-4

Altars:
Ashenzari
Cheibriados
Dithmenos
Elyvilon
Fedhas
Gozag
Hepliaklqana
Kikubaaqudgha
Makhleb
Nemelex Xobeh
Okawaru
Qazlal
Ru
Sif Muna
Trog
Uskayaw
Vehumet
Wu Jian
Xom
Yredelemnul
Zin
The Shining One

Shops:
D:4 !   D:6 (   D:10 [


Innate Abilities, Weirdness & Mutations

You cannot wear boots.
Your serpentine skin is tough. (AC +4)
You have supernaturally acute eyesight. (SInv)
Armour fits poorly on your strangely shaped body.
Your system is resistant to poisons. (rPois)
You cover ground very slowly.
You have a slow metabolism.
You can spit poison.


Message History

Press: ? - help, Dir - move target cursor The fire ignites!
You hit the yak.
The yak is lightly wounded.
The yak gores you.
* * * LOW HITPOINT WARNING * * *
Press: ? - help, Shift-Dir - straight line, f - yak
Aim: a yak (lightly wounded, confused)
The splash of poison hits the yak.
The yak is moderately wounded.
You feel slightly more hungry. The yak gores you!
* * * LOW HITPOINT WARNING * * *
Unknown command.
Unknown command.
You whack the spiny frog!
The spiny frog is moderately wounded.
The spiny frog is engulfed in blazing flames.
The spiny frog stings you!
You die...
Kikubaaqudgha rasps: "You have failed me!
Welcome... death!"

..).........### #.
...≈≈≈≈≈.#....## #..
..≈≈≈≈≈≈≈..#...#####
!..#
.≈≈≈.≈.≈≈≈.###...P.#
#..# ≈≈≈....≈≈≈≈≈
##....##..#
≈≈.......≈≈≈ #.#.....#
≈≈.≈.>...≈≈######...##
≈≈.≈..P..≈≈ ###..#
≈≈≈..≈.. #@F.##
.≈≈≈≈.. #Y##.# ..# #.#
.... .## .<..Y . .....
. .... .. .... ...


You could see 2 yaks and a spiny frog.

Vanquished Creatures
  A hydra (D:10)
  Harold (D:9)
  A two-headed ogre (D:10)
  3 death yaks (D:10)
  Urug (D:10)
  Pikel (D:4)
  Psyche (D:8)
  A spiny frog (Lair:1)
  A freezing wraith (D:10)
  A rime drake (Lair:1)
  A komodo dragon (Lair:1)
  Grinder (D:5)
  5 hippogriffs
  2 dream sheep (D:10)
  Eustachio (D:6)
  8 yaks
  2 hungry ghosts (D:10)
  A basilisk (Lair:2)
  2 nagas (Lair:2)
  A water moccasin (Lair:2)
  A porcupine (D:10)
  Duvessa (D:4)
  3 sky beasts
  3 orc warriors
  8 ice beasts
  2 black bears
  2 ogres
  2 phantoms
  4 centaurs
  2 crocodiles
  Blork the orc (D:5)
  4 big kobolds
  6 bullfrogs
  7 scorpions
  A water moccasin skeleton (D:7)
  Dowan (D:4)
  A howler monkey (D:5)
  4 wights (D:7)
  A bullfrog zombie (D:7)
  4 crimson imps
  2 hounds
  3 jellies
  3 orc priests
  3 iguanas
  Jessica (D:3)
  Ijyb (D:4)
  Terence (D:2)
  7 orc wizards
  2 hell rats (D:10)
  7 worker ants
  A hound skeleton (D:4)
  A howler monkey zombie (D:6)
  A worker ant zombie (D:10)
  Robin (D:2)
  2 gnolls (D:4)
  2 river rats (D:10)
  16 adders
  2 shadow imps (D:5)
  An ooze (D:2)
  An adder skeleton (D:5)
  An adder zombie (D:5)
  3 worms
  A dart slug (D:1)
  2 leopard geckos (D:4)
  22 orcs
  2 ball pythons (D:4)
  2 giant cockroaches
  11 goblins
  5 hobgoblins
  7 jackals
  7 kobolds
  2 quokkas
  7 bats
  5 frilled lizards
  A jackal skeleton (D:6)
  A quokka zombie (D:5)
  8 rats
239 creatures vanquished.

Vanquished Creatures (others)
  An orc warrior (D:7)
  A gnoll (D:4)
  A plant (D:10)
3 creatures vanquished.

Grand Total: 242 creatures vanquished

Notes
Turn   | Place    | Note
-------+----------+-------------------------------------------
     0 | D:1      | GameOver the Naga Wizard began the quest for the Orb.
     0 | D:1      | Reached XP level 1. HP: 15/15 MP: 4/4
    69 | D:1      | Reached XP level 2. HP: 4/22 MP: 1/6
   608 | D:2      | Learned a level 2 spell: Blink
   691 | D:2      | Reached XP level 3. HP: 28/28 MP: 7/7
   696 | D:2      | Learned a level 3 spell: Mephitic Cloud
   730 | D:2      | Noticed Robin
   734 | D:2      | Killed Robin
   762 | D:2      | Reached XP level 4. HP: 26/36 MP: 2/8
  1023 | D:2      | Noticed Terence
  1031 | D:2      | Killed Terence
  1207 | D:3      | Noticed Jessica
  1221 | D:3      | Killed Jessica
  1221 | D:3      | Reached XP level 5. HP: 42/42 MP: 7/9
  1291 | D:3      | Reached skill level 5 in Conjurations
  1768 | D:4      | Reached XP level 6. HP: 24/49 MP: 4/10
  1777 | D:4      | Noticed Duvessa
  1777 | D:4      | Noticed Dowan
  1929 | D:4      | Found a radiant altar of Vehumet.
  1933 | D:4      | Found a bloodstained altar of Trog.
  1984 | D:4      | Noticed a phantom
  1988 | D:4      | Reached skill level 1 in Poison Magic
  2021 | D:4      | Killed a phantom
  2021 | D:4      | Reached XP level 7. HP: 21/55 MP: 0/12
  2070 | D:4      | Noticed Ijyb
  2085 | D:4      | Killed Ijyb
  2102 | D:4      | Learned a level 3 spell: Conjure Flame
  2104 | D:4      | Learned a level 1 spell: Apportation
  2130 | D:4      | Noticed Pikel
  2147 | D:4      | Killed Pikel
  2147 | D:4      | Reached skill level 4 in Spellcasting
  2147 | D:4      | Reached XP level 8. HP: 34/62 MP: 5/14
  2331 | D:4      | Killed Dowan
  2331 | D:4      | Reached skill level 5 in Poison Magic
  2350 | D:4      | Killed Duvessa
  2350 | D:4      | Reached skill level 5 in Spellcasting
  2776 | D:4      | Found a basalt altar of Yredelemnul.
  2868 | D:4      | Found Eblav's Distillery.
  2871 | D:4      | Bought a potion of lignification for 42 gold pieces
  2871 | D:4      | Bought a potion of heal wounds for 70 gold pieces
  2871 | D:4      | Bought a potion of agility for 56 gold pieces
  2948 | D:5      | Entered Level 5 of the Dungeon
  2958 | D:5      | Noticed Grinder
  2965 | D:5      | Killed Grinder
  2965 | D:5      | Reached skill level 6 in Spellcasting
  3057 | D:5      | Reached skill level 1 in Fire Magic
  3057 | D:5      | Reached skill level 1 in Air Magic
  3061 | D:5      | Noticed Blork the orc
  3071 | D:5      | Killed Blork the orc
  3105 | D:5      | Reached XP level 9. HP: 68/68 MP: 8/18
  3198 | D:5      | Found an iron altar of Okawaru.
  3491 | D:6      | Found a staircase to the Ecumenical Temple.
  3507 | Temple   | Entered the Ecumenical Temple
  3624 | Temple   | Became a worshipper of Kikubaaqudgha
  3669 | D:6      | Noticed Eustachio
  3704 | D:6      | Killed Eustachio
  3837 | D:6      | Reached skill level 1 in Fighting
  3993 | D:6      | Found Atwuris's Antique Weapon Shoppe.
  4564 | D:7      | Reached * piety under Kikubaaqudgha
  4564 | D:7      | Identified Kikubaaqudgha's Grimoire of Evil (Kikubaaqudgha
                  | gifted it to you on level 7 of the Dungeon)
  4564 | D:7      | Received a gift from Kikubaaqudgha
  4692 | D:7      | Reached skill level 7 in Spellcasting
  4871 | D:7      | Reached skill level 1 in Short Blades
  4934 | D:7      | Found a blossoming altar of Fedhas.
  4952 | D:7      | Reached XP level 10. HP: 46/86 MP: 16/21
  5386 | D:8      | Noticed Psyche
  5403 | D:8      | Killed Psyche
  5411 | D:8      | Reached skill level 5 in Fighting
  5958 | D:8      | Found a shimmering blue altar of Sif Muna.
  6343 | D:9      | Reached skill level 8 in Spellcasting
  6396 | D:9      | Noticed Harold
  6417 | D:9      | Killed Harold
  6417 | D:9      | Reached skill level 5 in Short Blades
  7025 | D:10     | Entered Level 10 of the Dungeon
  7034 | D:10     | Noticed a death yak
  7035 | D:10     | Noticed a death yak
  7048 | D:10     | Killed a death yak
  7048 | D:10     | Reached XP level 11. HP: 47/97 MP: 20/23
  7049 | D:10     | Noticed a death yak
  7221 | D:10     | Reached ** piety under Kikubaaqudgha
  7259 | D:10     | Noticed a two-headed ogre
  7288 | D:10     | Killed a two-headed ogre
  7288 | D:10     | Reached skill level 9 in Spellcasting
  7439 | D:10     | Found a staircase to the Lair.
  7608 | D:10     | Killed a death yak
  7618 | D:10     | Killed a death yak
  7656 | D:10     | Found a staircase to the Orcish Mines.
  7775 | D:10     | Found Kouwuw's Armour Shop.
  7790 | D:10     | Found a snail-covered altar of Cheibriados.
  7859 | D:10     | Reached skill level 5 in Maces & Flails
  7955 | D:10     | Reached *** piety under Kikubaaqudgha
  7955 | D:10     | Identified Kikubaaqudgha's Papyrus of Black Rituals
                  | (Kikubaaqudgha gifted it to you on level 10 of the Dungeon)
  7955 | D:10     | Received a gift from Kikubaaqudgha
  7961 | D:10     | Noticed a two-headed hydra
  7973 | D:10     | Killed a two-headed hydra
  7973 | D:10     | Reached skill level 1 in Necromancy
  8290 | D:10     | Noticed Urug
  8310 | D:10     | Killed Urug
  8326 | D:10     | Reached XP level 12. HP: 70/105 MP: 17/25
  8552 | Lair:1   | Entered Level 1 of the Lair of Beasts
  9117 | Lair:2   | Found a staircase to the Snake Pit.
  9174 | Lair:2   | Slain by a spiny frog

Levels and vault maps discovered:
D:1:      lightli_arrival_quake, layout_basic
D:2:      layout_loops_ring, first_ration, uniq_robin, uniq_terence
D:3:      layout_basic, uniq_jessica
D:4:      layout_loops_ring, marbit_many_paths, minitemple, serial_shops,
          nicolae_shop_trees, uniq_duvessa, uniq_pikel, uniq_ijyb
D:5:      cheibrodos_helix_gallery, layout_basic, old_standard_altar,
          uniq_grinder, uniq_blork_the_orc
D:6:      layout_basic, temple_doors_e, serial_shops, kennysheep_little_box,
          hangedman_decor_slide_cut, uniq_eustachio
D:7:      layout_rooms, kennysheep_mini_moat
D:8:      layout_basic, tgw_sif, uniq_psyche
D:9:      layout_basic, uniq_harold
D:10:     layout_basic, dpeg_lair_monsters, orc_david_3, hangedman_ranch
          [blue_anna_fruit_fields], cheibriados_altar_1, uniq_urug
Temple:   nicolae_temple_elliptical
Lair:1:   layout_misc_corridors, minivault_19, lemuel_fruit_tree
Lair:2:   layout_cave_pods, skrybe_swamp_entry_bodies,
          guppyfry_snake_entry_island

Skill      XL: |  1  2  3  4  5  6  7  8  9 10 11 12 |
---------------+-------------------------------------+-----
Conjurations   | 2 3 4 5 6 |  6.2
Poison Magic   | 2 4 6 |  6.1
Stealth        | 4 6 |  6.6
Spellcasting   | 4 6 7 8 9 |  9.0
Fire Magic     | 1 3 |  3.0
Air Magic      | 1 3 |  3.0
Translocations | 2 3 |  3.2
Fighting       | 4 6 |  6.0
Short Blades   | 1 6 8 |  8.1
Maces & Flails | 7 8 |  8.4
Necromancy     | 2 3 |  3.6
Dodging        | |  1.5
Summonings     | |  1.0

Action                   |  1- 3 |  4- 6 |  7- 9 | 10-12 || total
-------------------------+-------+-------+-------+-------++-------
Melee: Dagger            |     7 |       |    12 |   184 ||   203
       Short sword       |    15 |    21 |    12 |       ||    48
       Whip              |       |       |    93 |       ||    93
       Trident           |       |       |       |   255 ||   255
       Demon whip        |       |       |       |    34 ||    34
 Cast: Magic Dart        |    26 |    67 |   101 |   122 ||   316
       Mephitic Cloud    |     1 |     4 |    21 |    36 ||    62
       Conjure Flame     |       |       |    10 |    39 ||    49
       Blink             |       |       |     2 |    10 ||    12
 Abil: Spit Poison       |    26 |    32 |    68 |    81 ||   207
Evoke: Wand              |       |       |     3 |     1 ||     4
  Use: Scroll            |       |       |     7 |     8 ||    15
       Potion            |       |       |     2 |     2 ||     4
 Stab: Sleeping          |     1 |       |     2 |     2 ||     5
       Paralysed         |       |       |     8 |       ||     8
       Distracted        |       |       |     1 |       ||     1
       Confused          |       |       |     6 |    12 ||    18
  Eat: Chunk             |     1 |     6 |    12 |    12 ||    31
       Ration            |       |       |       |     1 ||     1
Armor: Robe              |     3 |     7 |    25 |    25 ||    60
       Skin              |       |       |    12 |       ||    12
Dodge: Dodged            |    14 |    10 |    60 |    62 ||   146

Table legend:
 A = Non-vault XP
 B = Vault XP
 C = Vault XP percentage of total XP
 D = Non-vault monster count
 E = Vault monster count
 F = Vault count percentage of total count
                 A         B        C        D         E       F
            +---------+---------+-------+---------+---------+-------
      Total |   11674 |    9197 |  44.1 |     187 |      54 |  22.4
            +---------+---------+-------+---------+---------+-------
        D:1 |      24 |       0 |   0.0 |      13 |       0 |   0.0
        D:2 |      37 |      73 |  66.4 |      11 |      13 |  54.2
        D:3 |      87 |      37 |  29.8 |      15 |       1 |   6.2
        D:4 |     740 |     795 |  51.8 |      31 |       5 |  13.9
        D:5 |     307 |     444 |  59.1 |      13 |       4 |  23.5
        D:6 |     920 |     203 |  18.1 |      23 |       1 |   4.2
        D:7 |    1617 |       0 |   0.0 |      24 |       0 |   0.0
        D:8 |     885 |     439 |  33.2 |      11 |       1 |   8.3
        D:9 |    1092 |     939 |  46.2 |      11 |       1 |   8.3
       D:10 |    4033 |    5941 |  59.6 |      27 |      26 |  49.1
     Lair:1 |    1190 |       0 |   0.0 |       4 |       0 |   0.0
     Lair:2 |     742 |     326 |  30.5 |       4 |       2 |  33.3
            +---------+---------+-------+---------+---------+-------
